 Dungeon Crawl Stone Soup version 0.29-a0-90-gc37658a0fe (webtiles) character file.

Game seed: 15843603843173733694

35 lordive the Sneak (level 3, -1/16 HPs)
             Began as a Spriggan Enchanter on Feb 7, 2022.
             Slain by a goblin (3 damage)
             ... led by Robin
             ... on level 2 of the Dungeon.
             The game lasted 00:03:58 (2322 turns).

lordive the Sneak (Spriggan Enchanter)              Turns: 2322, Time: 00:03:59

Health: -1/16      AC:  2    Str:  4    XL:     3   Next: 17%
Magic:  0/8        EV: 17    Int: 18    God:
Gold:   31         SH:  0    Dex: 15    Spells: 3/8 levels left

rFire   . . .      SeeInvis +   a - +1 dagger
rCold   . . .      Faith    .   (no shield)
rNeg    . . .      Spirit   .   b - +0 robe
rPois   .          Reflect  .   (helmet restricted)
rElec   .          Harm     .   (no cloak)
rCorr   .          Rampage  .   (gloves unavailable)
Will    .....                   (boots unavailable)
Stlth   +++.......              (no amulet)
HPRegen 0.05/turn               (no ring)
MPRegen 0.11/turn               (no ring)

@: invisible, very quick
A: very small, no large weapons, unfitting armour, see invisible, speed 3
a: no special abilities


You were on level 2 of the Dungeon.
You visited 1 branch of the dungeon, and saw 2 of its levels.

You collected 31 gold pieces.

Inventory:

Hand Weapons
 a - a +1 dagger (weapon)
Armour
 b - a +0 robe (worn)
 f - a +0 cloak
Jewellery
 h - an amulet of faith
Scrolls
 e - a scroll of vulnerability {unknown}
 g - 4 scrolls of identify {unknown}
 k - a scroll of holy word {unknown}
Potions
 d - a potion of degeneration {unknown}
 i - a potion of curing {unknown}
 j - a potion of attraction {unknown}


   Skills:
 + Level 1.4 Short Blades
 + Level 2.9 Dodging
 + Level 5.3 Stealth
 + Level 3.1 Spellcasting
 + Level 4.0 Hexes
 + Level 0.2 Ice Magic


You had 3 spell levels left.
You knew the following spells:

 Your Spells              Type           Power      Damage    Failure   Level
a - Ensorcelled Hibernat  Hex/Ice        20%        N/A       10%         2
b - Confusing Touch       Hex            17%        N/A       9%          3

Your spell library contained the following spells:

 Spells                   Type           Power      Damage    Failure   Level
 Tukima's Dance           Hex            17%        N/A       9%          3
 Dazzling Flash           Conj/Hex       20%        N/A       22%         3
 Sublimation of Blood     Necr           2%         N/A       24%         2
 Wereblood                Tmut           2%         N/A       24%         2
 Summon Hydra             Summ           1%         N/A       100%        7


Dungeon Overview and Level Annotations

Branches:
Dungeon (2/15)

Altars:

Annotations:
D:2 Jessica, Robin


Innate Abilities, Weirdness & Mutations

You are very small and have problems with some larger weapons.
You are too small for most types of armour.
You have supernaturally acute eyesight. (SInv)
You cover ground extremely quickly. (Speed+++)


Message History

The goblin looks drowsy...
Robin roars a battlecry!
The goblins go into a battle-frenzy!
The goblin shouts!
You hit the goblin.
The goblin is heavily wounded.
The goblin misses you. The goblin barely misses you.
Robin flexes a bicep menacingly.
You hit the goblin.
The goblin is severely wounded.
The goblin hits you with a +0 dagger. The goblin hits you with a +0 club.
You are too injured to fight recklessly!
Casting: Ensorcelled Hibernation (safe; 10% risk of failure)
Confirm with . or Enter, or press ? or * to list all spells.
Aiming: Ensorcelled Hibernation (safe; 10% risk of failure)
Press: ? - help, Shift-Dir - straight line, f/p - goblin
Aim: a goblin, wielding a +0 dagger (strong, not susceptible)
The goblin is unaffected.
The hobgoblin shouts!
The goblin misses you. x2
Casting: Ensorcelled Hibernation (safe; 10% risk of failure)
Confirm with . or Enter, or press ? or * to list all spells.
Aiming: Ensorcelled Hibernation (safe; 10% risk of failure)
Press: ? - help, Shift-Dir - straight line, f - goblin, p - goblin
Aim: a goblin, wielding a +0 club (severely wounded, strong, chance to affect: 62%)
The goblin resists with significant effort.
The goblin completely misses you. The goblin barely misses you.
Casting: Ensorcelled Hibernation (safe; 10% risk of failure)
Confirm with . or Enter, or press ? or * to list all spells.
Aiming: Ensorcelled Hibernation (safe; 10% risk of failure)
Press: ? - help, Shift-Dir - straight line, f - goblin, p - goblin
Aim: a goblin, wielding a +0 dagger (strong, not susceptible)
The goblin is unaffected.
The goblin hits you with a +0 dagger.
* * * LOW HITPOINT WARNING * * *
The goblin closely misses you.
Unknown command.
Okay, then.
You fade into invisibility!
The goblin barely misses you. The goblin hits you with a +0 club.
You die...

...<..#.....##.#
.#÷.....|...##)#
##..#.#.....##.#####
....###.....##.....#
.##.# ############[#
. #.# #.# ..# # #.#
### ....#######.#
....gBbgg@g.#
g....gg######
B♣♣.... .......
._♣gg.. .......
....P.. ....P..


You could see Robin, a giant cockroach, a hobgoblin (strong), 4 goblins and a
bat.

Vanquished Creatures
  3 ball pythons (D:2)
  3 endoplasms (D:1)
  A giant cockroach (D:1)
  6 goblins
  A hobgoblin (D:2)
  4 jackals (D:2)
  3 kobolds
  2 quokkas
  A bat (D:2)
  2 frilled lizards
  5 rats
31 creatures vanquished.

Vanquished Creatures (others)
  11 fungi (D:2)
  6 plants (D:2)
17 creatures vanquished.

Grand Total: 48 creatures vanquished

Notes
Turn   | Place    | Note
-------+----------+-------------------------------------------
     0 | D:1      | lordive the Spriggan Enchanter began the quest for the Orb.
     0 | D:1      | Reached XP level 1. HP: 9/9 MP: 5/5
   246 | D:1      | Reached XP level 2. HP: 13/13 MP: 6/6
   249 | D:1      | Learned a level 2 spell: Ensorcelled Hibernation
   432 | D:2      | Noticed Robin
   434 | D:2      | Noticed Jessica
   969 | D:1      | Reached skill level 5 in Stealth
  1701 | D:2      | Reached XP level 3. HP: 15/16 MP: 3/8
  1705 | D:2      | Learned a level 3 spell: Confusing Touch
  2307 | D:2      | Found a faded altar of an unknown god.
  2322 | D:2      | Slain by a goblin

Illustrated notes

Levels and vault maps discovered:
D:1:      onia_arrival_handbag, layout_basic
D:2:      layout_loops_cross, dreamdust_ecumenical_altar_grove, uniq_jessica,
          uniq_robin

Skill      XL: |  1  2 |
---------------+-------+-----
Spellcasting   | 3 |  3.1
Stealth        | 5 |  5.3
Hexes          | 4 |  4.0
Short Blades   | |  1.4
Dodging        | |  2.9
Ice Magic      | |  0.2

Action                   || total
-------------------------++-------
Melee: Dagger            ||    85
       Punch             ||     1
 Cast: Ensorcelled Hiber ||    34
  Use: Potion            ||     1
 Stab: Sleeping          ||    23
Armor: Robe              ||     9
Dodge: Dodged            ||    84

Table legend: (Time is in decaauts)
 A = Elapsed time spent in this place.
 B = Non-inter-level travel time spent in this place.
 C = Inter-level travel time spent in this place.
 D = Time resting spent in this place.
 E = Time spent auto-exploring this place.
 F = Levels seen in this place.
 G = Mean time per level.
                   A        B        C        D        E       F      G
               +--------+--------+--------+--------+--------+-----+--------+
         Total |   1898 |   1873 |     25 |    657 |    889 |   2 |  949.0 |
       Dungeon |   1898 |   1873 |     25 |    657 |    889 |   2 |  949.0 |
               +--------+--------+--------+--------+--------+-----+--------+

Top non-repeatable levels by time:
     D:1: 1373 daAuts
     D:2: 525 daAuts
